 Dungeon Crawl Stone Soup version 0.20.1-1-g8b1a95d (webtiles) character file.

9921 pstr the Thaumaturge (level 11, -16/56 HPs)
             Began as a Kobold Earth Elementalist on Dec 2, 2017.
             Was a Follower of Elyvilon.
             Killed from afar by a gargoyle (25 damage)
             ... with a stone arrow
             ... on level 10 of the Dungeon.
             The game lasted 00:58:51 (17866 turns).

pstr the Thaumaturge (Kobold Earth Elementalist)   Turns: 17866, Time: 00:58:52

Health: -16/56     AC:  5    Str:  5    XL:     11   Next: 83%
Magic:  1/23       EV: 21    Int: 19    God:    Elyvilon [*.....]
Gold:   785        SH:  0    Dex: 19    Spells: 20/31 levels left

rFire    + . .     SeeInvis .   S - staff of earth
rCold    x . .     Gourm    .   (shield currently unavailable)
rNeg     . . .     Faith    .   m - +0 leather armour
rPois    .         Spirit   .   (no helmet)
rElec    .         Reflect  .   z - +0 cloak
rCorr    .         Harm     .   (no gloves)
MR       .....                  v - +0 pair of boots
Stlth    +++.......             (no amulet)
Regen    0.2/turn               N - ring of fire
MPRegen  0.2/turn               j - +4 ring of evasion

@: about to teleport
A: agile 1, carnivore 3, low mp 1
a: Lesser Healing, Divine Protection, Renounce Religion


You were on level 10 of the Dungeon.
You worshipped Elyvilon.
Elyvilon was aware of your devotion.
You were not hungry.

You visited 1 branch of the dungeon, and saw 10 of its levels.

You collected 785 gold pieces.

Inventory:

Hand Weapons
 q - a +0 short sword
Missiles
 b - 189 stones (quivered)
Armour
 c - a +0 robe
 m - a +0 leather armour (worn)
 v - a +0 pair of boots (worn)
 y - a +1 robe of cold resistance
 z - a +0 cloak (worn)
 A - the +5 ring mail of Visuoc {rN+}
   (You found it on level 4 of the Dungeon)

   It protects you from negative energy.
 Q - a scarf of resistance
Magical Staves
 S - an uncursed staff of earth (weapon)
Jewellery
 g - an uncursed ring of loudness
 j - a +4 ring of evasion (right hand)
 t - a +2 ring of strength
 N - a ring of fire (left hand)
Wands
 E - a wand of confusion (37/48)
 K - a wand of random effects (18/48)
 M - a wand of iceblast (0/15)
 R - a wand of polymorph (0/24)
 W - a wand of acid (0/15)
Scrolls
 a - 5 scrolls of identify
 f - 3 scrolls of teleportation
 h - 3 scrolls of amnesia
 r - 4 scrolls of random uselessness
 s - 8 scrolls of remove curse
 w - a scroll of immolation
 G - a scroll of recharging
 H - 2 scrolls of brand weapon
 L - a scroll of summoning
 O - a scroll of noise
 T - a scroll of enchant weapon {unknown}
Potions
 i - 8 potions of curing
 k - 2 potions of cancellation {unknown}
 n - 4 potions of flight
 o - a potion of lignification
 p - a potion of berserk rage
 u - a potion of might
 x - 2 potions of haste
 B - a potion of invisibility
 D - 2 potions of agility
 F - 2 potions of degeneration
Books
 e - a book of Geomancy

   Spells                             Type                      Level
   a - Sandblast                      Earth                        1
   b - Passwall                       Transmutation/Earth          2
   c - Stone Arrow                    Conjuration/Earth            3
   d - Petrify                        Transmutation/Earth          4
   e - Lee's Rapid Deconstruction     Earth                        5
 C - a book of Minor Magic

   Spells                             Type                      Level
   a - Magic Dart                     Conjuration                  1
   b - Blink                          Translocation                2
   c - Call Imp                       Summoning                    2
   d - Slow                           Hexes                        2
   e - Conjure Flame                  Conjuration/Fire             3
   f - Mephitic Cloud                 Conjuration/Poison/Air       3
 I - a book of Necromancy

   Spells                             Type                      Level
   a - Pain                           Necromancy                   1
   b - Animate Skeleton               Necromancy                   1
   c - Vampiric Draining              Necromancy                   3
   d - Regeneration                   Charms/Necromancy            3
   e - Animate Dead                   Necromancy                   4
   f - Control Undead                 Necromancy                   4
   Elyvilon disapproves of the use of such an item.
 J - a book of Flames

   Spells                             Type                      Level
   a - Flame Tongue                   Conjuration/Fire             1
   b - Throw Flame                    Conjuration/Fire             2
   c - Conjure Flame                  Conjuration/Fire             3
   d - Inner Flame                    Hexes/Fire                   3
   e - Sticky Flame                   Conjuration/Fire             4
   f - Fireball                       Conjuration/Fire             5
 V - a book of Minor Magic

   Spells                             Type                      Level
   a - Magic Dart                     Conjuration                  1
   b - Blink                          Translocation                2
   c - Call Imp                       Summoning                    2
   d - Slow                           Hexes                        2
   e - Conjure Flame                  Conjuration/Fire             3
   f - Mephitic Cloud                 Conjuration/Poison/Air       3
Miscellaneous
 U - a lamp of fire (inert)
 X - a crystal ball of energy
Comestibles
 d - 3 meat rations
 l - 7 royal jellies


   Skills:
 + Level 1.5 Fighting
 + Level 2.0 Short Blades
 + Level 2.9 Armour
 + Level 5.0 Dodging
 + Level 4.7 Stealth
 + Level 10.6 Spellcasting
 + Level 6.6 Conjurations
 + Level 1.3 Transmutations
 + Level 10.5 Earth Magic
 + Level 4.5 Invocations
 + Level 0.8 Evocations


You had 20 spell levels left.
You knew the following spells:

 Your Spells              Type           Power        Failure   Level  Hunger
a - Sandblast             Erth           ######       1%          1    None
b - Passwall              Tmut/Erth      #####.....   1%          2    None
c - Stone Arrow           Conj/Erth      ######       1%          3    None
d - Lee's Rapid Deconstr  Erth           ######....   4%          5    ####...


Dungeon Overview and Level Annotations

Branches:
Dungeon (10/15)            Temple (0/1) D:6            Lair (0/6) D:10
    Orc: D:9-12

Altars:
Ashenzari
Elyvilon
Nemelex Xobeh
Ru
Uskayaw
Yredelemnul


Innate Abilities, Weirdness & Mutations

You are small and have problems with some larger weapons.
You are carnivorous and can eat meat at any time.
You are agile. (Dex +2)
Your magical capacity is low. (-10% MP)


Message History

The gargoyle hurls a stone arrow at you.
The stone arrow misses you.
You are healed.
You feel somewhat more hungry.
The gargoyle hurls a stone arrow at you.
The stone arrow hits you!
You are healed.
You feel somewhat more hungry.
The gargoyle hurls a stone arrow at you.
The stone arrow misses you.
You are healed.
You feel somewhat more hungry.
The gargoyle hits you with a morningstar!
You are healed.
You feel somewhat more hungry.
The gargoyle hits you with a morningstar!
The gargoyle hurls a stone arrow at you.
The stone arrow hits you!
* * * LOW HITPOINT WARNING * * *
As you read the scroll of teleportation, it crumbles to dust.
You feel strangely unstable.
The gargoyle hurls a stone arrow at you.
The stone arrow hits you!
You die...

.P.##.#......)...#
...#..######.....###
.≈...#.# ##9#....#
###....# #.#....#
.......# #.#....#
#.#.#### #.#....#
#...# #.#....#
###.#########.#....#
#[..........#.@..#
#####.......#....####
#....))...9.....#
#########)......#
#............#
#.......#....#
#.......#....#
#.......#....#
#.......#...%#


You could see a gargoyle.

Vanquished Creatures
  Harold (D:10)
  4 two-headed ogres
  A cyclops (D:10)
  A hornet (D:9)
  2 hippogriffs (D:9)
  Sigmund (D:2)
  4 ice beasts
  4 orc warriors
  A hornet zombie (D:10)
  3 sky beasts
  4 phantoms
  An eye of draining (D:8)
  6 ogres
  3 centaurs
  2 crocodiles (D:9)
  4 big kobolds
  2 bullfrogs
  7 scorpions
  A wyvern skeleton (D:9)
  7 killer bees
  A howler monkey (D:6)
  A bullfrog zombie (D:5)
  6 crimson imps
  4 jellies
  7 hounds
  A centaur zombie (D:8)
  10 orc wizards
  9 orc priests
  2 gnoll shamans (D:8)
  3 iguanas
  9 worker ants
  2 hound zombies
  A worker ant zombie (D:6)
  15 gnolls
  8 adders
  4 shadow imps
  An adder zombie (D:5)
  8 worms
  A dart slug (D:2)
  3 leopard geckos
  31 orcs
  8 giant cockroaches
  19 goblins
  25 hobgoblins
  7 jackals
  6 quokkas
  4 ball pythons
  6 bats
  4 frilled lizards
  A giant cockroach zombie (D:5)
  A jackal skeleton (D:7)
  39 kobolds
  2 leopard gecko skeletons
  A quokka skeleton (D:7)
  A quokka zombie (D:5)
  8 rats
  A plant (D:8)
319 creatures vanquished.

Vanquished Creatures (others)
  3 killer bees
  A hound (D:7)
  A kobold (D:10)
5 creatures vanquished.

Grand Total: 324 creatures vanquished

Notes
Turn   | Place    | Note
-------+----------+-------------------------------------------
     0 | D:1      | pstr the Kobold Earth Elementalist began the quest for the Orb.
     0 | D:1      | Reached XP level 1. HP: 10/10 MP: 3/3
   333 | D:1      | Reached XP level 2. HP: 15/15 MP: 3/5
   621 | D:1      | Reached XP level 3. HP: 19/19 MP: 4/6
   625 | D:1      | Learned a level 2 spell: Passwall
   675 | D:1      | Learned a level 3 spell: Stone Arrow
  1890 | D:2      | Noticed Sigmund
  1995 | D:2      | Found a white marble altar of Elyvilon.
  2423 | D:3      | Reached XP level 4. HP: 14/24 MP: 6/8
  2623 | D:2      | Became a worshipper of Elyvilon the Healer
  2764 | D:2      | Killed Sigmund
  2764 | D:2      | Reached skill level 1 in Conjurations
  2764 | D:2      | Reached XP level 5. HP: 12/28 MP: 2/11
  2764 | D:2      | Reached XP level 6. HP: 14/32 MP: 2/12
  3812 | D:3      | Reached * piety under Elyvilon
  5674 | D:4      | Reached skill level 5 in Earth Magic
  5745 | D:4      | Reached XP level 7. HP: 37/37 MP: 9/13
  6350 | D:4      | Reached ** piety under Elyvilon
  6477 | D:4      | Reached skill level 5 in Spellcasting
  6518 | D:5      | Entered Level 5 of the Dungeon
  6996 | D:4      | Reached XP level 8. HP: 42/42 MP: 8/16
  7116 | D:4      | Found a sacrificial altar of Ru.
  7116 | D:4      | Found a shattered altar of Ashenzari.
  7118 | D:4      | Found a basalt altar of Yredelemnul.
  7120 | D:4      | Found a hide-covered altar of Uskayaw.
  7556 | D:4      | Got a warped ring mail
  7630 | D:4      | Identified the +5 ring mail of Visuoc {rN+} (You found it on level 4 of the Dungeon)
  7636 | D:4      | Learned a level 5 spell: Lee's Rapid Deconstruction
  8071 | D:5      | Reached skill level 1 in Armour
  8761 | D:5      | Reached XP level 9. HP: 38/46 MP: 6/19
  9199 | D:5      | Reached *** piety under Elyvilon
 10479 | D:6      | Reached skill level 1 in Short Blades
 10610 | D:6      | Found a staircase to the Ecumenical Temple.
 11699 | D:7      | Reached skill level 1 in Invocations
 11979 | D:7      | Reached skill level 1 in Fighting
 12506 | D:8      | Gained mutation: Your magical capacity is low. (-10% MP) [mutagenic meat]
 12507 | D:8      | Gained mutation: You are agile. (Dex +2) [mutagenic meat]
 12640 | D:8      | Reached XP level 10. HP: 46/52 MP: 0/19
 13584 | D:8      | Reached skill level 5 in Conjurations
 15298 | D:9      | Found a sparkling altar of Nemelex Xobeh.
 15330 | D:9      | Noticed a two-headed ogre
 15337 | D:9      | Killed a two-headed ogre
 15337 | D:9      | Reached XP level 11. HP: 38/56 MP: 5/22
 15427 | D:9      | Noticed a two-headed ogre
 15438 | D:9      | Killed a two-headed ogre
 15771 | D:9      | Reached skill level 10 in Spellcasting
 15957 | D:9      | Noticed a two-headed ogre
 15961 | D:9      | Killed a two-headed ogre
 15961 | D:9      | Reached skill level 10 in Earth Magic
 16318 | D:10     | Entered Level 10 of the Dungeon
 16347 | D:10     | Found a staircase to the Lair.
 16391 | D:10     | Noticed a two-headed ogre
 16400 | D:10     | Killed a two-headed ogre
 17161 | D:10     | Noticed Harold
 17387 | D:10     | Killed Harold
 17597 | D:10     | Noticed a cyclops
 17600 | D:10     | Killed a cyclops
 17600 | D:10     | Reached skill level 5 in Dodging
 17866 | D:10     | Killed from afar by a gargoyle

Skill      XL: |  1  2  3  4  5  6  7  8  9 10 11 |
---------------+----------------------------------+-----
Spellcasting   | 3 4 5 6 7 9 10 | 10.6
Dodging        | 3 4 5 |  5.0
Conjurations   | 1 2 3 4 5 6 |  6.6
Earth Magic    | 4 5 6 8 9 10 | 10.5
Stealth        | 3 4 |  4.7
Armour         | 1 2 |  2.9
Short Blades   | 1 2 |  2.0
Invocations    | 3 4 |  4.5
Fighting       | 1 |  1.5
Transmutations | |  1.3
Evocations     | |  0.8

Action                   |  1- 3 |  4- 6 |  7- 9 | 10-12 || total
-------------------------+-------+-------+-------+-------++-------
Melee: Unarmed           |     1 |     3 |     5 |       ||     9
       Short sword       |       |       |     7 |   174 ||   181
       Staff             |       |       |       |     6 ||     6
 Cast: Sandblast         |    41 |    23 |    67 |    55 ||   186
       Stone Arrow       |    15 |    67 |   154 |   126 ||   362
       Lee's Rapid Decon |       |       |     7 |    10 ||    17
       Passwall          |       |       |       |     1 ||     1
Invok: Heal Other        |       |       |    26 |    17 ||    43
       Lesser Healing    |       |       |       |    33 ||    33
Evoke: Wand              |       |       |       |     9 ||     9
       Lamp of fire      |       |       |       |     1 ||     1
  Use: Scroll            |       |       |    12 |     6 ||    18
       Potion            |       |       |     7 |     2 ||     9
  Eat: Chunk             |    14 |    16 |    30 |    29 ||    89
       Meat ration       |       |       |     1 |       ||     1
Armor: Robe              |    11 |     1 |       |       ||    12
       Leather armour    |       |       |    17 |    11 ||    28
Dodge: Dodged            |    56 |    34 |   138 |   164 ||   392
